 Dungeon Crawl Stone Soup version 0.21-a0-352-g5b8f553 (webtiles) character file.

1099 tidbits the Charmwright (level 8, -1/63 HPs)
             Began as a Gnoll Skald on Oct 10, 2017.
             Was a Follower of Ashenzari.
             Slain by a troll (4 damage)
             ... on level 9 of the Dungeon.
             The game lasted 00:18:31 (2287 turns).

tidbits the Charmwright (Gnoll Skald)               Turns: 2287, Time: 00:18:31

Health: -1/63      AC:  4    Str: 19    XL:     8   Next: 32%
Magic:  12/16      EV: 19    Int: 17    God:    Ashenzari [*.....]
Gold:   269        SH: 15    Dex: 14    Spells: 7/18 levels left

rFire    . . .     SeeInvis .   a - +0 hand axe
rCold    . . .     Gourm    .   D - +6 shield of Heresy {Regen+ Str+4} (curse)
rNeg     . . .     Faith    .   b - +0 leather armour
rPois    .         Spirit   .   t - +0 helmet
rElec    .         Reflect  .   (no cloak)
rCorr    .         Harm     .   (no gloves)
MR       .....                  (no boots)
Stlth    ++........             (no amulet)
HPRegen  0.60/turn              V - +4 ring of evasion (curse)
MPRegen  0.15/turn              m - +3 ring of evasion (curse)

@: no status effects
A: distributed training, fangs 1, strong nose
a: Curse Item, Scrying, Renounce Religion


You were on level 9 of the Dungeon.
You worshipped Ashenzari.
Ashenzari was aware of your devotion.
You were not hungry.

You visited 1 branch of the dungeon, and saw 9 of its levels.

You collected 269 gold pieces.

Inventory:

Hand Weapons
 a - a +0 hand axe (weapon)
 i - a +0 blowgun
 p - a +0 flail
 q - a +2 dagger of holy wrath
   (You took it off an orc wizard on level 3 of the Dungeon)
 w - a +0 quarterstaff
Missiles
 g - 153 arrows
 u - 8 tomahawks (quivered)
Armour
 b - a +0 leather armour (worn)
 t - a +0 helmet (worn)
 y - a +0 buckler
 D - the cursed +6 shield of Heresy (worn) {Regen+ Str+4}
   (You found it on level 4 of the Dungeon)

   It affects your strength (+4).
   It increases your rate of regeneration.
   It has a curse placed upon it.
 K - a +0 pair of gloves
Jewellery
 m - a cursed +3 ring of evasion (right hand)
   (You found it on level 2 of the Dungeon)
 n - an uncursed ring of magical power
   (You found it on level 2 of the Dungeon)
 x - an uncursed ring of fire
   (You found it on level 4 of the Dungeon)
 B - an uncursed ring of poison resistance
   (You found it on level 3 of the Dungeon)
 V - a cursed +4 ring of evasion (left hand)
   (You found it on level 1 of the Dungeon)
Wands
 G - a wand of polymorph (15/24)
 J - a wand of random effects (10/48)
Scrolls
 e - 2 scrolls of teleportation
 j - 3 scrolls of enchant weapon
 k - 2 scrolls of recharging
 l - 4 scrolls of fear
 A - a scroll of noise {unknown}
 C - a scroll of enchant armour {unknown}
 I - a scroll of torment {unknown}
Potions
 f - 2 potions of lignification
 h - 3 potions of heal wounds
 r - 2 potions of brilliance
 s - a potion of haste
 v - a potion of flight {unknown}
 z - a potion of mutation {unknown}
 F - 2 potions of curing {unknown}
 H - a potion of cancellation {unknown}
Books
 c - a book of Battle

   Spells                             Type                      Level
   a - Infusion                       Charms                       1
   b - Shroud of Golubria             Charms/Translocation         2
   c - Song of Slaying                Charms                       2
   d - Spectral Weapon                Hexes/Charms                 3
   e - Regeneration                   Charms/Necromancy            3
Comestibles
 d - 4 bread rations
 o - a royal jelly
 E - 3 meat rations


   Skills:
 + Level 5.6 Fighting
 + Level 3.1 Short Blades
 + Level 3.1 Long Blades
 + Level 5.6 Axes
 + Level 3.1 Maces & Flails
 + Level 3.1 Polearms
 + Level 3.1 Staves
 + Level 3.1 Slings
 + Level 3.1 Bows
 + Level 3.1 Crossbows
 + Level 3.1 Throwing
 + Level 4.1 Armour
 + Level 5.6 Dodging
 + Level 3.1 Stealth
 + Level 3.1 Shields
 + Level 3.1 Unarmed Combat
 + Level 5.9 Spellcasting
 + Level 3.1 Conjurations
 + Level 3.1 Hexes
 + Level 7.3 Charms
 + Level 3.1 Summonings
 + Level 3.1 Necromancy
 + Level 3.1 Translocations
 + Level 3.1 Transmutations
 + Level 3.1 Fire Magic
 + Level 3.1 Ice Magic
 + Level 3.1 Air Magic
 + Level 3.1 Earth Magic
 + Level 3.1 Poison Magic
 + Level 3.1 Invocations
 + Level 3.1 Evocations


You had 7 spell levels left.
You knew the following spells:

 Your Spells              Type           Power        Failure   Level  Hunger
g - Shroud of Golubria    Chrm/Tloc      ###.......   13%         2    None
i - Infusion              Chrm           ####         3%          1    None
r - Regeneration          Chrm/Necr      ###.......   26%         3    ##.....
w - Spectral Weapon       Hex/Chrm       ###.....     26%         3    ##.....
y - Song of Slaying       Chrm           ####....     5%          2    None


Dungeon Overview and Level Annotations

Branches:
Dungeon (9/15)
 Temple: D:4-7         Lair: D:8-11         Orc: D:9-12

Altars:
Ashenzari
Elyvilon
Nemelex Xobeh
Okawaru
Ru


Innate Abilities, Weirdness & Mutations

Your experience applies equally to all skills.
You have very sharp teeth.
Your uncanny sense of smell can sniff out nearby items.


Message History

The troll shouts!
You block the gnoll's attack.
Found an uncursed pair of gloves.
You see here an uncursed pair of gloves.
K - an uncursed pair of gloves
Casting: Spectral Weapon
Confirm with . or Enter, or press ? or * to list all spells.
Your skin crawls.
Evoke which item? (* to show all) (? for menu, Esc to quit)
Aiming: Random Effects (will waste charges)
Press: ? - help, Shift-Dir - straight line, f - gnoll
Aim: a gnoll, wielding a spear The puff of frost hits the gnoll.
The gnoll is moderately wounded.
Evoking this partially-identified wand wasted a few charges.
Casting: Regeneration
Confirm with . or Enter, or press ? or * to list all spells.
You draw out your weapon's spirit!
You block the gnoll's attack.
You hit the gnoll but do no damage.
The gnoll is moderately wounded.
Your spectral weapon hits the gnoll.
The gnoll completely misses your spectral weapon.
The gnoll barely misses you. The troll bites you.
You block the troll's attack. x2
You hit the troll.
The troll is lightly wounded.
You hit the gnoll but do no damage.
Your skin is crawling a little less now.
Your spectral weapon hits the troll.
Your spectral weapon hits the gnoll but does no damage.
The gnoll hits your spectral weapon with an enchanted whip.
Your spectral weapon shares its damage with you!
You block the gnoll's attack. You block the troll's attack.
The troll closely misses you. The troll claws you.
You closely miss the troll.
The troll is lightly wounded.
You hit the gnoll but do no damage.
Your spectral weapon completely misses the troll.
Your spectral weapon hits the gnoll.
The gnoll hits your spectral weapon with an enchanted whip.
Your spectral weapon shares its damage with you!
You block the gnoll's attack. The troll closely misses you. x2
You block the troll's attack.
You hit the troll. Your bite misses the troll.
The troll is lightly wounded.
You hit the gnoll but do no damage.
Your spectral weapon hits the troll!
Your spectral weapon hits the gnoll.
You kill the gnoll!
You block the gnoll's attack. The troll misses you.
You block the troll's attack. x2
The gnoll closely misses you. The troll bites you! The troll misses you.
You block the troll's attack.
Things that are here:
an uncursed enchanted whip; a gnoll corpse You slash the troll!
The troll is heavily wounded.
You hit the gnoll.
Your spectral weapon hits the troll but does no damage.
The gnoll hits you with a spear. The troll bites you.
The troll closely misses you. The troll claws you.
You hit the troll but do no damage.
The troll is heavily wounded.
You barely miss the gnoll.
Your spectral weapon closely misses the troll.
The gnoll completely misses you. The troll bites you!
* * * LOW HITPOINT WARNING * * *
You block the troll's attack. x2
Unknown command.
You hit the troll but do no damage.
The troll is heavily wounded.
You hit the gnoll.
Your skin stops crawling.
Your spectral weapon closely misses the troll.
You block the gnoll's attack. The troll bites you but does no damage.
The troll claws you!
* * * LOW HITPOINT WARNING * * *
You block the troll's attack.
Unknown command.
You hit the troll.
The troll is severely wounded.
You completely miss the gnoll.
Your spectral weapon hits the troll.
You block the gnoll's attack.
The troll barely misses your spectral weapon.
The troll closely misses your spectral weapon.
The troll claws your spectral weapon but does no damage.
Unknown command.
You hit the troll but do no damage.
The troll is severely wounded.
You hit the gnoll.
Your spectral weapon hits the troll.
The gnoll hits you with a spear!
* * * LOW HITPOINT WARNING * * *
You block the troll's attack. The troll closely misses you.
The troll completely misses you.
Unknown command.
You completely miss the troll.
The troll is severely wounded.
You hit the gnoll but do no damage.
Your spectral weapon hits the troll.
The gnoll hits you with a spear!
* * * LOW HITPOINT WARNING * * *
You block the troll's attack. The troll claws you.
You die...

#..# #..#
######..#########
........T........
.......<...gg....
#######..g..g....
#...######
####...############
...........@........
..........gT(.......
.....#############.#
####. #.


You could see a troll, a gnoll and a friendly spectral hand axe.

Vanquished Creatures
  Duvessa (D:4)
  An ice beast (D:6)
  A centaur (D:5)
  A bullfrog (D:8)
  Dowan (D:4)
  3 scorpions
  A centaur zombie (D:5)
  4 orc wizards
  A centaur skeleton (D:7)
  A hound (D:5)
  An iguana (D:8)
  3 worker ants (D:5)
  Terence (D:3)
  Robin (D:2)
  3 gnolls
  9 adders
  A worm (D:3)
  3 dart slugs
  2 leopard geckos
  12 orcs
  A ball python (D:1)
  7 giant cockroaches
  14 goblins
  7 hobgoblins
  4 jackals (D:1)
  2 quokkas
  5 bats
  4 frilled lizards
  6 kobolds
  A quokka skeleton (D:5)
  9 rats
111 creatures vanquished.

Vanquished Creatures (others)
  A spectral weapon (D:4)
1 creature vanquished.

Grand Total: 112 creatures vanquished

Notes
Turn   | Place    | Note
-------+----------+-------------------------------------------
     0 | D:1      | tidbits the Gnoll Skald began the quest for the Orb.
     0 | D:1      | Reached XP level 1. HP: 20/20 MP: 6/6
    54 | D:1      | Reached XP level 2. HP: 14/26 MP: 1/7
    62 | D:1      | Reached XP level 3. HP: 12/31 MP: 0/9
    67 | D:1      | Reached skill level 5 in Spellcasting
   239 | D:1      | Learned a level 2 spell: Song of Slaying
   242 | D:1      | Learned a level 2 spell: Shroud of Golubria
   246 | D:1      | Learned a level 3 spell: Regeneration
   250 | D:1      | Learned a level 3 spell: Spectral Weapon
   408 | D:3      | Reached skill level 1 in Short Blades
   408 | D:3      | Reached skill level 1 in Long Blades
   408 | D:3      | Reached skill level 1 in Maces & Flails
   408 | D:3      | Reached skill level 1 in Polearms
   408 | D:3      | Reached skill level 1 in Staves
   408 | D:3      | Reached skill level 1 in Slings
   408 | D:3      | Reached skill level 1 in Bows
   408 | D:3      | Reached skill level 1 in Crossbows
   408 | D:3      | Reached skill level 1 in Throwing
   408 | D:3      | Reached skill level 1 in Stealth
   408 | D:3      | Reached skill level 1 in Shields
   408 | D:3      | Reached skill level 1 in Unarmed Combat
   408 | D:3      | Reached skill level 1 in Conjurations
   408 | D:3      | Reached skill level 1 in Hexes
   408 | D:3      | Reached skill level 1 in Summonings
   408 | D:3      | Reached skill level 1 in Necromancy
   408 | D:3      | Reached skill level 1 in Translocations
   408 | D:3      | Reached skill level 1 in Transmutations
   408 | D:3      | Reached skill level 1 in Fire Magic
   408 | D:3      | Reached skill level 1 in Ice Magic
   408 | D:3      | Reached skill level 1 in Air Magic
   408 | D:3      | Reached skill level 1 in Earth Magic
   408 | D:3      | Reached skill level 1 in Poison Magic
   408 | D:3      | Reached skill level 1 in Invocations
   408 | D:3      | Reached skill level 1 in Evocations
   412 | D:3      | Reached XP level 4. HP: 38/38 MP: 6/11
   421 | D:3      | Found a sparkling altar of Nemelex Xobeh.
   438 | D:3      | Noticed Terence
   450 | D:3      | Killed Terence
   529 | D:3      | Reached XP level 5. HP: 26/43 MP: 5/12
   611 | D:4      | Reached skill level 3 in Armour
   615 | D:4      | Noticed Dowan
   616 | D:4      | Noticed Duvessa
   628 | D:4      | Killed Duvessa
   628 | D:4      | Reached XP level 6. HP: 39/50 MP: 10/14
   649 | D:4      | Killed Dowan
   649 | D:4      | Reached skill level 5 in Fighting
   649 | D:4      | Reached skill level 2 in Short Blades
   649 | D:4      | Reached skill level 2 in Long Blades
   649 | D:4      | Reached skill level 5 in Axes
   649 | D:4      | Reached skill level 2 in Maces & Flails
   649 | D:4      | Reached skill level 2 in Polearms
   649 | D:4      | Reached skill level 2 in Staves
   649 | D:4      | Reached skill level 2 in Slings
   649 | D:4      | Reached skill level 2 in Bows
   649 | D:4      | Reached skill level 2 in Crossbows
   649 | D:4      | Reached skill level 2 in Throwing
   649 | D:4      | Reached skill level 5 in Dodging
   649 | D:4      | Reached skill level 2 in Stealth
   649 | D:4      | Reached skill level 2 in Shields
   649 | D:4      | Reached skill level 2 in Unarmed Combat
   649 | D:4      | Reached skill level 2 in Conjurations
   649 | D:4      | Reached skill level 2 in Hexes
   649 | D:4      | Reached skill level 2 in Summonings
   649 | D:4      | Reached skill level 2 in Necromancy
   649 | D:4      | Reached skill level 2 in Translocations
   649 | D:4      | Reached skill level 2 in Transmutations
   649 | D:4      | Reached skill level 2 in Fire Magic
   649 | D:4      | Reached skill level 2 in Ice Magic
   649 | D:4      | Reached skill level 2 in Air Magic
   649 | D:4      | Reached skill level 2 in Earth Magic
   649 | D:4      | Reached skill level 2 in Poison Magic
   649 | D:4      | Reached skill level 2 in Invocations
   649 | D:4      | Reached skill level 2 in Evocations
   967 | D:4      | Reached XP level 7. HP: 46/56 MP: 12/15
   976 | D:4      | Found a shattered altar of Ashenzari.
   983 | D:4      | Got a distressingly furry shield
   994 | D:4      | Identified the +6 shield of Heresy {Regen+ Str+4} (You found it on level 4 of the Dungeon)
   996 | D:4      | Became a worshipper of Ashenzari the Shackled
  1022 | D:4      | Found a sacrificial altar of Ru.
  1330 | D:2      | Found a white marble altar of Elyvilon.
  1425 | D:2      | Noticed Robin
  1433 | D:2      | Reached skill level 7 in Charms
  1444 | D:2      | Killed Robin
  1569 | D:5      | Entered Level 5 of the Dungeon
  1676 | D:5      | Found an iron altar of Okawaru.
  1676 | D:5      | Reached * piety under Ashenzari
  2017 | D:6      | Reached XP level 8. HP: 58/63 MP: 14/16
  2066 | D:6      | Reached skill level 4 in Armour
  2131 | D:7      | Reached skill level 3 in Short Blades
  2131 | D:7      | Reached skill level 3 in Long Blades
  2131 | D:7      | Reached skill level 3 in Maces & Flails
  2131 | D:7      | Reached skill level 3 in Polearms
  2131 | D:7      | Reached skill level 3 in Staves
  2131 | D:7      | Reached skill level 3 in Slings
  2131 | D:7      | Reached skill level 3 in Bows
  2131 | D:7      | Reached skill level 3 in Crossbows
  2131 | D:7      | Reached skill level 3 in Throwing
  2131 | D:7      | Reached skill level 3 in Stealth
  2131 | D:7      | Reached skill level 3 in Shields
  2131 | D:7      | Reached skill level 3 in Unarmed Combat
  2131 | D:7      | Reached skill level 3 in Conjurations
  2131 | D:7      | Reached skill level 3 in Hexes
  2131 | D:7      | Reached skill level 3 in Summonings
  2131 | D:7      | Reached skill level 3 in Necromancy
  2131 | D:7      | Reached skill level 3 in Translocations
  2131 | D:7      | Reached skill level 3 in Transmutations
  2131 | D:7      | Reached skill level 3 in Fire Magic
  2131 | D:7      | Reached skill level 3 in Ice Magic
  2131 | D:7      | Reached skill level 3 in Air Magic
  2131 | D:7      | Reached skill level 3 in Earth Magic
  2131 | D:7      | Reached skill level 3 in Poison Magic
  2131 | D:7      | Reached skill level 3 in Invocations
  2131 | D:7      | Reached skill level 3 in Evocations
  2264 | D:9      | Noticed a troll
  2287 | D:9      | HP: 3/63 [gnoll/spear (9)]
  2287 | D:9      | Slain by a troll

Vault maps used:
D:1:      lemuel_arrival_muddy, minmay_tromino_v7
D:2:      elyvilon_altar_1, uniq_robin
D:3:      lemuel_coloured_pillars_altar, uniq_terence
D:4:      lemuel_doored_altar, overflow_temple_1_default,
          cheibrodos_ashenzari_chains, first_bread,
          nicolae_ru_the_path_less_chosen, uniq_duvessa
D:5:      lemuel_crystal_altar
D:6:      minmay_temple_entry_enclosed_plants
D:7:      nicolae_overflow_crystal_walls, uniq_pikel
D:9:      hangedman_ranch, minmay_guarded_unrand_finisher

Skill      XL: |  1  2  3  4  5  6  7  8 |
---------------+-------------------------+-----
Spellcasting   | 5 |  5.9
Short Blades   | 1 2 3 |  3.1
Long Blades    | 1 2 3 |  3.1
Maces & Flails | 1 2 3 |  3.1
Polearms       | 1 2 3 |  3.1
Staves         | 1 2 3 |  3.1
Slings         | 1 2 3 |  3.1
Bows           | 1 2 3 |  3.1
Crossbows      | 1 2 3 |  3.1
Throwing       | 1 2 3 |  3.1
Stealth        | 1 2 3 |  3.1
Shields        | 1 2 3 |  3.1
Unarmed Combat | 1 2 3 |  3.1
Conjurations   | 1 2 3 |  3.1
Hexes          | 1 2 3 |  3.1
Summonings     | 1 2 3 |  3.1
Necromancy     | 1 2 3 |  3.1
Translocations | 1 2 3 |  3.1
Transmutations | 1 2 3 |  3.1
Fire Magic     | 1 2 3 |  3.1
Ice Magic      | 1 2 3 |  3.1
Air Magic      | 1 2 3 |  3.1
Earth Magic    | 1 2 3 |  3.1
Poison Magic   | 1 2 3 |  3.1
Invocations    | 1 2 3 |  3.1
Evocations     | 1 2 3 |  3.1
Armour         | 3 4 |  4.1
Fighting       | 5 |  5.6
Axes           | 5 |  5.6
Dodging        | 5 |  5.6
Charms         | 7 |  7.3

Action                   |  1- 3 |  4- 6 |  7- 9 || total
-------------------------+-------+-------+-------++-------
Melee: Hand axe          |    67 |    84 |   166 ||   317
       Bite              |     5 |    10 |    18 ||    33
 Cast: Infusion          |     8 |     1 |       ||     9
       Spectral Weapon   |       |    11 |    20 ||    31
       Song of Slaying   |       |     1 |       ||     1
       Regeneration      |       |     2 |     4 ||     6
Invok: Curse Item        |       |       |     3 ||     3
Evoke: Wand              |       |       |     1 ||     1
  Use: Potion            |     1 |     1 |       ||     2
       Scroll            |       |     6 |     3 ||     9
 Stab: Distracted        |       |     2 |       ||     2
       Sleeping          |       |       |     5 ||     5
  Eat: Chunk             |       |     1 |     5 ||     6
       Royal jelly       |       |       |     1 ||     1
Armor: Leather armour    |    20 |     4 |    13 ||    37
Dodge: Dodged            |    50 |    55 |    72 ||   177
Block: Buckler           |     8 |    10 |       ||    18
       Shield            |       |       |   115 ||   115

Table legend:
 A = Spawn XP
 B = Non-spawn XP
 C = Spawn XP percentage of total XP
 D = Spawn monster count
 E = Non-spawn monster count
 F = Spawn count percentage of total count
 G = Total turns spent on level
                    A         B        C        D         E        F      G
               +---------+---------+-------+---------+---------+-------+---------
         Total |       0 |    1570 |   0.0 |       0 |     111 |   0.0 |  2287
               +---------+---------+-------+---------+---------+-------+---------
           D:1 |       0 |      60 |   0.0 |       0 |      21 |   0.0 |   306
           D:2 |       0 |      68 |   0.0 |       0 |      29 |   0.0 |   380
           D:3 |       0 |     221 |   0.0 |       0 |      29 |   0.0 |   559
           D:4 |       0 |     424 |   0.0 |       0 |      10 |   0.0 |   337
           D:5 |       0 |     376 |   0.0 |       0 |       9 |   0.0 |   362
           D:6 |       0 |     218 |   0.0 |       0 |       8 |   0.0 |   170
           D:7 |       0 |      40 |   0.0 |       0 |       1 |   0.0 |    63
           D:8 |       0 |     149 |   0.0 |       0 |       3 |   0.0 |    87
           D:9 |       0 |      14 |   0.0 |       0 |       1 |   0.0 |    23
               +---------+---------+-------+---------+---------+-------+---------

Table legend:
 A = Turns spent in this place as a percentage of turns spent in the entire game.
 B = Non-inter-level travel turns spent in this place as a percentage of non-inter-level travel turns spent in the entire game.
 C = Inter-level travel turns spent in this place as a percentage of turns spent in this place.
 D = Turns resting spent in this place as a percentage of non-inter-level travel turns spent in this place.
 E = Turns spent auto-exploring this place as a percentage of non-inter-level travel turns spent in this place.
 F = Non-inter-level travel turns spent in this place divided by the number of levels of this place that you've seen.
                   A       B       C       D       E      F
               +-------+-------+-------+-------+-------+----------------------
         Total | 100.0 | 100.0 |   1.2 |   0.0 |   0.0 | 251.1
       Dungeon | 100.0 | 100.0 |   1.2 |   0.0 |   0.0 | 251.1
               +-------+-------+-------+-------+-------+----------------------

Table legend:
 A = Kills in this place as a percentage of kills in entire the game.
 B = Kills by you in this place as a percentage of kills by you in the entire game.
 C = Kills by friends in this place as a percentage of kills by friends in the entire game.
 D = Other kills in this place as a percentage of other kills in the entire game.
 E = Experience gained in this place as a percentage of experience gained in the entire game.
 F = Experience gained in this place divided by the number of levels of this place that you have seen.
                   A       B       C       D       E      F
               +-------+-------+-------+-------+-------+----------------------
         Total | 100.0 | 100.0 |   N/A |   N/A | 100.0 | 174.4
       Dungeon | 100.0 | 100.0 |   N/A |   N/A | 100.0 | 174.4
               +-------+-------+-------+-------+-------+----------------------

Vault maps used:
D:1:      lemuel_arrival_muddy, minmay_tromino_v7
D:2:      elyvilon_altar_1, uniq_robin
D:3:      lemuel_coloured_pillars_altar, uniq_terence
D:4:      lemuel_doored_altar, overflow_temple_1_default,
          cheibrodos_ashenzari_chains, first_bread,
          nicolae_ru_the_path_less_chosen, uniq_duvessa
D:5:      lemuel_crystal_altar
D:6:      minmay_temple_entry_enclosed_plants
D:7:      nicolae_overflow_crystal_walls, uniq_pikel
D:9:      hangedman_ranch, minmay_guarded_unrand_finisher
